 Dungeon Crawl Stone Soup version 0.31-a0-208-gdb31a4691d (webtiles) character file.

Game seed: 2964224254129587016

426 gelatine the Magician (level 6, -6/44 HPs)
             Began as a Demonspawn Fire Elementalist on June 28, 2023.
             Mangled by a troll (10 damage)
             ... on level 6 of the Dungeon.
             The game lasted 00:10:34 (4239 turns).

gelatine the Magician (DsFE)                        Turns: 4239, Time: 00:10:35

Health: -6/44      AC:  4    Str:  5 (8)  XL:     6   Next: 64%
Magic:  12/12      EV: 12    Int: 16 (18) God:
Gold:   639        SH:  0    Dex: 12 (14) Spells: 10/13 levels left

rFire   + . .        x - +0 dagger
rCold   . . .        (no shield)
rNeg    . . .        t - +0 robe {rF+}
rPois   .            j - +0 helmet
rElec   .            (no cloak)
rCorr   .            (no gloves)
SInv    .            A - +0 pair of boots
Will    .....        m - amulet of regeneration
Stlth   ++           (no ring)
HPRegen 1.07/turn    (no ring)
MPRegen 0.13/turn

%: no passive effects
@: mighty, spiked
A: foul stench 1, demonic magic 1, demonic touch 1
a: no special abilities


You were on level 6 of the Dungeon.
You visited 1 branch of the dungeon, and saw 5 of its levels.

You collected 639 gold pieces.

Inventory:

Hand Weapons
 s - a +2 mace of protection
 w - a +0 sling of freezing
 x - a +0 dagger (weapon)
Armour
 a - a +0 robe
 j - a +0 helmet (worn)
 n - the +0 leather armour of the Trilobite {*Slow +Inv Str+5 Dex+3}
   (You found it on level 2 of the Dungeon)

   Str:       It affects your strength (+5).
   Dex:       It affects your dexterity (+3).
   +Inv:      It lets you turn invisible.
   *Slow:     It may slow you when you take damage.
 t - a +0 robe of fire resistance (worn)
 A - a +0 pair of boots (worn)
Jewellery
 m - an amulet of regeneration (around neck)
Scrolls
 e - 2 scrolls of immolation
 f - a scroll of torment
 i - a scroll of poison {unknown}
 k - a scroll of blinking {unknown}
 l - 2 scrolls of identify
 p - 2 scrolls of teleportation {unknown}
 q - 2 scrolls of noise {unknown}
 r - a scroll of revelation {unknown}
 v - 2 scrolls of vulnerability {unknown}
 y - a scroll of silence {unknown}
 z - a scroll of fear {unknown}
Potions
 b - a potion of magic
 c - a potion of heal wounds {unknown}
 d - 2 potions of might
 g - 2 potions of degeneration
 h - a potion of invisibility {unknown}
 o - 2 potions of haste {unknown}
 u - a potion of mutation {unknown}


   Skills:
 * Level 2.0 Fighting
 * Level 2.4 Dodging
 + Level 2.1 Stealth
 + Level 0.1 Unarmed Combat
 * Level 4.2 Spellcasting
 * Level 2.8 Conjurations
 * Level 4.0 Fire Magic


You had 10 spell levels left.
You knew the following spells:

 Your Spells              Type           Power      Damage    Failure   Level
a - Foxfire               Conj/Fire      56%        2x1d6     4%          1
b - Scorch                Fire           32%        2d6       4%          2

Your spell library contained the following spells:

 Spells                   Type           Power      Damage    Failure   Level
 Kiss of Death            Conj/Necr      32%        2d7       9%          1
 Inner Flame              Hex/Fire       9%         N/A       22%         3
 Volatile Blastmotes      Fire/Tloc      18%        2d11      22%         3
 Blink                    Tloc           6%         N/A       26%         2
 Flame Wave               Conj/Fire      14%        2d6       36%         4
 Portal Projectile        Hex/Tloc       6%         N/A       45%         3
 Fulminant Prism          Conj/Hex       4%         3d5       65%         4
 Iskenderun's Mystic Bla  Conj/Tloc      8%         2d4       65%         4
 Animate Dead             Necr           3%         N/A       86%         4
 Cause Fear               Hex            1%         N/A       86%         4
 Manifold Assault         Tloc           3%         N/A       86%         4
 Lee's Rapid Deconstruct  Erth           1%         3d4*      99%         5
 Storm Form               Tmut/Air       1%         N/A       100%        7
 Ignition                 Fire           8%         3d5       100%        8


Dungeon Overview and Level Annotations

Branches:
Dungeon (4/15)
 Temple: D:4-7

Altars:


Innate Abilities, Weirdness & Mutations

You may rarely emit foul miasma when damaged in melee.
Spells you cast may paralyse adjacent enemies.
Your touch may inflict minor irresistible damage on your foes.


Message History

You now have 586 gold pieces (gained 14).
You now have 603 gold pieces (gained 17).
You hear an angry hiss.
You now have 619 gold pieces (gained 16).
You now have 639 gold pieces (gained 20).
You open the door.
An adder, a gnoll and an iguana come into view.
The gnoll shouts!
You hear an angry hiss. x2; You hear a shout!
An adder comes into view.
A troll comes into view.
A manticore comes into view. x2
An orc priest comes into view. It is wielding a +0 flail.
The iguana moves out of view.
The adder hisses angrily.
You hear a shout!
You hear an angry hiss.
Found 9 gold pieces.
As you read the scroll labelled MUNUOV SAJIUNN, it crumbles to dust.
It is a scroll of identify.
f - a scroll of torment The orc priest shouts!
You hear a shout!
An adder comes into view.
The manticore flicks its tail.
The volley of spikes hits you!
The barbed spikes become lodged in your body.
A deep elf pyromancer comes into view.
It is wielding a +1 long sword of draining.
An orc priest comes into view. It is wielding a +0 club.
As you read the scroll labelled YQUEKEOCSU, it crumbles to dust.
The creatures around you are filled with an inner flame!
It was a scroll of immolation.
The manticore flicks its tail.
The volley of spikes hits you!
The barbed spikes become lodged in your body.
The manticore flicks its tail.
The volley of spikes hits you!!
The barbed spikes become lodged in your body.
* * * LOW HITPOINT WARNING * * *
It was a potion of might.
You feel very mighty all of a sudden.
It was a potion of degeneration.
There was something very wrong with that liquid.
You feel weakened.
You feel dopey.
You feel clumsy. The troll bites you!
You die... #........$# #.........# ......... ...So.. .SH.. eHg

#####T#####
#....@....#
#.........#
#.........#
#.........#
###########


You could see 2 manticores, a deep elf pyromancer (inner flame), a troll (inner
flame), an orc priest (inner flame), a gnoll (inner flame) and 2 adders.

Vanquished Creatures
  A scorpion (D:4)
  An orc priest (D:4)
  A hound (D:4)
  Natasha (thrice) (D:3)
  An iguana (D:4)
  2 orc wizards
  7 adders
  3 worms
  2 dart slugs
  9 orcs
  6 bats
  13 endoplasms
  5 giant cockroaches
  3 goblins
  4 hobgoblins
  6 kobolds
  3 quokkas
  6 ball pythons
  A frilled lizard (D:2)
  2 rats (D:2)
79 creatures vanquished.

Vanquished Creatures (collateral kills)
  A foxfire (D:1)
1 creature vanquished.

Vanquished Creatures (others)
  330 foxfires
330 creatures vanquished.

Grand Total: 410 creatures vanquished

Notes
Turn   | Place    | Note
-------+----------+-------------------------------------------
     0 | D:1      | gelatine the Demonspawn Fire Elementalist began the quest
                  | for the Orb.
     0 | D:1      | Reached XP level 1. HP: 13/13 MP: 3/3
   462 | D:1      | Gained mutation: Spells you cast may paralyse adjacent
                  | enemies. [demonic ancestry]
   462 | D:1      | Reached XP level 2. HP: 19/19 MP: 0/5
   611 | D:1      | Found a faded altar of an unknown god.
   621 | D:1      | Got the Treatise on Vexing Pyromancy
   704 | D:1      | Learned a level 2 spell: Scorch
  1018 | D:2      | Gained mutation: Your touch may inflict minor irresistible
                  | damage on your foes. [demonic ancestry]
  1018 | D:2      | Reached XP level 3. HP: 22/24 MP: 1/6
  1196 | D:2      | Identified the +0 leather armour of the Trilobite {*Slow
                  | +Inv Str+5 Dex+3}
  2124 | D:3      | Noticed Natasha
  2214 | D:3      | Killed Natasha
  2215 | D:3      | Reached XP level 4. HP: 31/31 MP: 1/8
  2567 | D:3      | Noticed Natasha
  2577 | D:3      | Killed Natasha
  2578 | D:3      | Gained mutation: You may rarely emit foul miasma when
                  | damaged in melee. [demonic ancestry]
  2578 | D:3      | Reached XP level 5. HP: 18/36 MP: 1/10
  2624 | D:3      | Noticed Natasha
  2629 | D:3      | Killed Natasha
  2822 | D:3      | Got the Handbook of Rot
  3502 | D:4      | Reached skill level 1 in Fighting
  3622 | D:4      | Reached XP level 6. HP: 28/43 MP: 7/11
  4154 | D:4      | You fall into a shaft and drop 2 floors!
  4235 | D:6      | Noticed a troll
  4235 | D:6      | Noticed a manticore
  4235 | D:6      | Noticed a manticore
  4236 | D:6      | Noticed a deep elf pyromancer
  4237 | D:6      | HP: 2/44 [manticore/volley of spikes (18)]
  4239 | D:6      | Mangled by a troll

Illustrated notes

Levels and vault maps discovered:
D:1:      spicycebolla_green_bress_n_ham_2, layout_basic,
          dreamdust_ecumenical_altar_grove, chequers_serial_rivers_micro_d,
          minmay_unequal
D:2:      layout_rooms, nicolae_kite_square_tiling_tiny, minmay_tromino_i4
D:3:      layout_loops_cross, grunt_ministairs_11, kennysheep_generic_room_9,
          uniq_natasha
D:4:      layout_cave_pools, minmay_temple_entry_offerings
D:6:      minmay_klotski, layout_loops_ring, gammafunk_temple_overflow_claw

Skill      XL: |  1  2  3  4  5  6 |
---------------+-------------------+-----
Fire Magic     | 3 4 |  4.0
Dodging        | 2 |  2.4
Spellcasting   | 3 4 |  4.2
Conjurations   | 2 |  2.8
Stealth        | 2 |  2.1
Fighting       | 1 2 |  2.0
Unarmed Combat | |  0.1

Action                     |  1- 3 |  4- 6 || total
---------------------------+-------+-------++-------
  Melee: Unarmed           |    15 |       ||    15
         Touch             |     2 |     2 ||     4
         Mace              |       |    17 ||    17
         Dagger            |       |     2 ||     2
   Fire: Sling             |       |    20 ||    20
   Cast: Foxfire           |   103 |    83 ||   186
         Scorch            |     3 |    24 ||    27
    Use: Scroll            |       |     2 ||     2
         Potion            |       |     2 ||     2
   Stab: Paralysed         |       |     3 ||     3
 Armour: Robe              |     6 |    14 ||    20
  Dodge: Dodged            |    20 |    29 ||    49

Table legend: (Time is in decaauts)
 A = Elapsed time spent in this place.
 B = Non-inter-level travel time spent in this place.
 C = Inter-level travel time spent in this place.
 D = Time resting spent in this place.
 E = Time spent auto-exploring this place.
 F = Levels seen in this place.
 G = Mean time per level.
                   A        B        C        D        E       F      G
               +--------+--------+--------+--------+--------+-----+--------+
         Total |   4261 |   4128 |    133 |      0 |   3413 |   5 |  852.2 |
       Dungeon |   4261 |   4128 |    133 |      0 |   3413 |   5 |  852.2 |
               +--------+--------+--------+--------+--------+-----+--------+

Top non-repeatable levels by time:
     D:3: 1614 daAuts
     D:2: 1018 daAuts
     D:1: 948 daAuts
     D:4: 596 daAuts
     D:6: 84 daAuts
